 Dungeon Crawl Stone Soup version 0.30-a0-782-ge64f9170bb (webtiles) character file.

Game seed: 15366814206972454639

183 cheesebisquit the Chiller (level 5, 0/35 HPs)
             Began as a Merfolk Ice Elementalist on Feb 19, 2023.
             Was an Initiate of Vehumet.
             Slain by an orc
             ... wielding a +0 hand axe of flaming
              (4 damage)
             ... on level 3 of the Dungeon.
             The game lasted 00:14:20 (3802 turns).

cheesebisquit the Chiller (MfIE)                    Turns: 3802, Time: 00:14:21

Health: 0/35       AC:  2    Str:  8 (9)  XL:     5   Next: 62%
Magic:  10/10      EV: 12    Int: 13 (16) God:    Vehumet [......]
Gold:   108        SH:  0    Dex: 13 (14) Spells: 4/11 levels left

rFire   . . .      SeeInvis .    p - +1 dagger (venom)
rCold   . . .      Faith    .    (no shield)
rNeg    . . .      Spirit   .    a - +0 robe
rPois   .          Reflect  .    (no helmet)
rElec   .          Harm     .    (no cloak)
rCorr   .          Rampage  .    (no gloves)
Will    .....                    (no boots)
Stlth   ++                       (no amulet)
HPRegen 0.25/turn                (no ring)
MPRegen 0.12/turn                (no ring)

@: no status effects
A: (nimble swimmer 2), mertail
a: Renounce Religion


You were on level 3 of the Dungeon.
You worshipped Vehumet.
Vehumet was noncommittal.
You visited 1 branch of the dungeon, and saw 4 of its levels.

You collected 108 gold pieces.

Inventory:

Hand Weapons
 g - a +0 sling
 h - a +0 dagger
 p - a +1 dagger of venom (weapon)
 q - a +0 whip
Missiles
 c - 5 atropa-tipped darts
Armour
 a - a +0 robe (worn)
Jewellery
 t - an amulet of guardian spirit
 u - a +6 ring of dexterity
Scrolls
 d - 6 scrolls of identify
 f - a scroll of enchant armour {unknown}
 i - a scroll of poison {unknown}
 k - a scroll of teleportation {unknown}
 l - 2 scrolls of immolation
 m - a scroll of amnesia {unknown}
 r - a scroll of silence
Potions
 b - a potion of magic
 e - a potion of might
 j - a potion of ambrosia {unknown}
 o - a potion of brilliance {unknown}
 s - a potion of degeneration


   Skills:
 - Level 2.6 Dodging
 - Level 2.1 Stealth
 + Level 3.9 Spellcasting
 + Level 6.0 Ice Magic


You had 4 spell levels left.
You knew the following spells:

 Your Spells              Type           Power      Damage    Failure   Level
a - Freeze                Ice            72%        1d8       1%          1
x - Frozen Ramparts       Ice            36%        1d6       5%          3
z - Ozocubu's Armour      Ice            18%        N/A       5%          3

Your spell library contained the following spells:

 Spells                   Type           Power      Damage    Failure   Level
 Summon Ice Beast         Ice/Summ       10%        N/A       52%         4


Dungeon Overview and Level Annotations

Branches:
Dungeon (4/15)
 Temple: D:4-7

Altars:
Dithmenos
Elyvilon
Fedhas
Kikubaaqudgha
Vehumet
Wu Jian
Xom


Innate Abilities, Weirdness & Mutations

((You are very nimble when in or above water. (Stealth+, EV+, Speed+++)))
Your lower body shifts to a powerful aquatic tail in water.


Message History

There is a fountain of clear blue water here.
Your legs become a tail as you enter the water.
There is a shimmering altar of Xom here.
There is a fountain of clear blue water here.
Done exploring.
There is a fountain of clear blue water here.
Your legs become a tail as you enter the water.
Your legs become a tail as you enter the water.
There is a fountain of clear blue water here.
You see here a +0 whip.
There is a stone staircase leading down, spattered with blood here.
You climb downwards.
The orc hits you with a +0 club. The orc closely misses you.
There is a stone staircase leading up, spattered with blood here.
The hound pauses to sniff the ground.
The hound bites you but does no damage. The orc hits you with a +0 club.
The orc barely misses you. The ball python barely misses you.
The ball python grabs you.
You stop ascending the stairs.
The ball python constricts you.
Okay, then.
Okay, then.
Okay, then.
You hit the ball python.
You kill the ball python!
Vehumet accepts your kill. The hound bites you.
The orc hits you but does no damage. The hound bites you.
The hound barely misses you. The orc closely misses you.
The orc hits you with a +0 hand axe. The orc barely misses you.
You climb upwards.
There is a stone staircase leading down, spattered with blood here.
The orc attacks as you move away! The orc barely misses you.
The orc closely misses you. The hound bites you.
The orc attacks as you move away!
The orc hits you with a +0 hand axe of flaming.
The orc burns you.
* * * LOW HITPOINT WARNING * * *
The hound attacks as you move away! The hound bites you.
* * * LOW HITPOINT WARNING * * *
The orc hits you with a +0 hand axe of flaming.
You die...

..##....#.~.♣..^≈≈#...#
).......⌠..^^_~~.~⌠...#
..##..#.##§.~.^~..###.# ######
......#.##.§^..≈.##...# #.....
......#.###_.♣~.##.#..######..##.
......#.# ###⌠###...#[........##.
..###.#.# #...o.o....######.##.
........# #..#ho>.##.# #.##.
<.##...## ##.#@##.##.# #....
####...#######...##....#########.
# #........##...............# ##
####....###.##.#..._..._.....#
).).........##.#.............#
.................._..⌠.._....#
............##..#............#
####....###.##....._..._.....# #
#........##...............#


You could see a hound and 3 orcs.

Vanquished Creatures
  An orc priest (D:3)
  2 orc wizards
  An adder (D:2)
  A worm (D:3)
  2 dart slugs (D:1)
  11 orcs (D:3)
  8 ball pythons
  8 endoplasms
  5 giant cockroaches
  7 goblins
  4 hobgoblins
  2 jackals (D:1)
  3 quokkas
  3 bats
  8 frilled lizards
  5 kobolds
  6 rats
77 creatures vanquished.

Notes
Turn   | Place    | Note
-------+----------+-------------------------------------------
     0 | D:1      | cheesebisquit the Merfolk Ice Elementalist began the quest
                  | for the Orb.
     0 | D:1      | Reached XP level 1. HP: 13/13 MP: 3/3
   271 | D:1      | Reached XP level 2. HP: 16/19 MP: 1/5
   821 | D:1      | Reached XP level 3. HP: 24/24 MP: 4/7
  1050 | D:1      | Reached skill level 5 in Ice Magic
  1725 | D:2      | Reached XP level 4. HP: 30/30 MP: 6/8
  2284 | D:3      | Learned a level 3 spell: Frozen Ramparts
  2288 | D:3      | Learned a level 3 spell: Ozocubu's Armour
  2310 | D:3      | Found a shadowy altar of Dithmenos.
  2310 | D:3      | Found an ancient bone altar of Kikubaaqudgha.
  2377 | D:3      | Found an ornate altar of the Wu Jian Council.
  2389 | D:3      | Found a radiant altar of Vehumet.
  2390 | D:3      | Found a blossoming altar of Fedhas.
  2391 | D:3      | Found a white marble altar of Elyvilon.
  2416 | D:3      | Became a worshipper of Vehumet
  2546 | D:3      | Found a shimmering altar of Xom.
  2552 | D:3      | Found a shimmering altar of Xom.
  2705 | D:3      | Reached XP level 5. HP: 32/35 MP: 4/10
  3254 | D:3      | Reached skill level 6 in Ice Magic
  3326 | D:3      | Found a shimmering altar of Xom.
  3327 | D:3      | Found a shimmering altar of Xom.
  3534 | D:3      | Found a shadowy altar of Dithmenos.
  3534 | D:3      | Found an ancient bone altar of Kikubaaqudgha.
  3535 | D:3      | Found a white marble altar of Elyvilon.
  3536 | D:3      | Found a radiant altar of Vehumet.
  3536 | D:3      | Found a blossoming altar of Fedhas.
  3536 | D:3      | Found an ornate altar of the Wu Jian Council.
  3802 | D:3      | Slain by an orc

Illustrated notes

Levels and vault maps discovered:
D:1:      dpeg_arrival_tiny_a, layout_basic
D:2:      layout_loops_ring, chequers_hall_statues_y
D:3:      layout_loops_cross, xom_redecorated, grunt_temple_overflow_open,
          st_stairs_12
D:4:      layout_rooms, gammafunk_temple_overflow_claw, kennysheep_mini_moat,
          minmay_temple_entry_gardened_gates, chequers_serial_rivers_large_b,
          minmay_increasing_density

Skill      XL: |  1  2  3  4  5 |
---------------+----------------+-----
Ice Magic      | 5 6 |  6.0
Spellcasting   | 3 |  3.9
Dodging        | |  2.6
Stealth        | |  2.1

Action                     |  1- 3 |  4- 6 || total
---------------------------+-------+-------++-------
  Melee: Unarmed           |    11 |       ||    11
         Dagger            |       |    28 ||    28
         Punch             |       |     1 ||     1
   Cast: Freeze            |    66 |    40 ||   106
         Ozocubu's Armour  |       |     2 ||     2
         Frozen Ramparts   |       |     2 ||     2
    Use: Potion            |       |     4 ||     4
         Scroll            |       |     2 ||     2
 Armour: Robe              |    10 |    16 ||    26
  Dodge: Dodged            |    34 |    82 ||   116

Table legend: (Time is in decaauts)
 A = Elapsed time spent in this place.
 B = Non-inter-level travel time spent in this place.
 C = Inter-level travel time spent in this place.
 D = Time resting spent in this place.
 E = Time spent auto-exploring this place.
 F = Levels seen in this place.
 G = Mean time per level.
                   A        B        C        D        E       F      G
               +--------+--------+--------+--------+--------+-----+--------+
         Total |   3798 |   3660 |    138 |    103 |   3017 |   4 |  949.5 |
       Dungeon |   3798 |   3660 |    138 |    103 |   3017 |   4 |  949.5 |
               +--------+--------+--------+--------+--------+-----+--------+

Top non-repeatable levels by time:
     D:3: 1550 daAuts
     D:1: 1292 daAuts
     D:2: 944 daAuts
     D:4: 11 daAuts
